 Dungeon Crawl Stone Soup version 0.29.1-15-g9cfb28693d (webtiles) character file.

Game seed: 9841540734794204791

40515 qwertyone the Zephyrmancer (level 13, -10/101 HPs)
             Began as a White Draconian Air Elementalist on Feb 3, 2023.
             Was a High Priest of Elyvilon.
             Mangled by a nine-headed hydra (11 damage)
             ... on level 3 of the Lair of Beasts on Apr 24, 2023.
             The game lasted 02:25:30 (31206 turns).

qwertyone the Zephyrmancer (DrAE)                  Turns: 31206, Time: 02:25:31

Health: -10/101    AC: 17    Str: 11    XL:     13   Next: 75%
Magic:  2/30       EV: 14    Int: 25    God:    Elyvilon [*****.]
Gold:   870        SH:  0    Dex: 16    Spells: 17/39 levels left

rFire   . . .      SeeInvis .   S - +5 great sword (freeze)
rCold   + . .      Faith    .   (shield currently unavailable)
rNeg    . . .      Spirit   .   (body armour unavailable)
rPois   .          Reflect  .   T - +0 hat {Stlth+}
rElec   .          Harm     .   s - +2 cloak
rCorr   .          Rampage  .   Q - +2 pair of gloves {Dex+3}
Will    .....                   K - +2 pair of boots
Stlth   ++++......              (no amulet)
HPRegen 0.26/turn               h - +6 ring of intelligence
MPRegen 0.22/turn               u - +4 ring of slaying

@: about to teleport
A: breathe frost, AC +8, unfitting armour, cold resistance 1, cold-blooded
a: Breathe Frost, Renounce Religion, Purification, Heal Other, Heal Self, Divine
Vigour


You were on level 3 of the Lair of Beasts.
You worshipped Elyvilon.
Elyvilon was extremely pleased with you.
You visited 3 branches of the dungeon, and saw 17 of its levels.

You collected 1000 gold pieces.
You spent 130 gold pieces at shops.

Inventory:

Hand Weapons
 x - a +1 longbow of freezing
 S - a +5 great sword of freezing (weapon)
Missiles
 d - 36 poisoned darts
 l - 3 throwing nets
 n - 8 curare-tipped darts
 t - 3 javelins
 z - 8 silver javelins
Armour
 c - a +1 cloak
 m - a +2 hat
 s - a +2 cloak (worn)
 C - a +0 buckler
 K - a +2 pair of boots (worn)
 Q - a +2 pair of gloves of dexterity (worn)
 T - a +0 hat of stealth (worn)
Magical Staves
 X - a staff of conjuration
Jewellery
 f - a ring of positive energy
 h - a +6 ring of intelligence (left hand)
 i - a ring of protection from cold
 o - a ring of willpower
 u - a +4 ring of slaying (right hand)
Wands
 q - a wand of quicksilver (19)
 r - a wand of paralysis (9)
 I - a wand of polymorph (4)
 M - a wand of digging (15)
 U - a wand of mindburst (20)
Scrolls
 g - a scroll of teleportation
 v - a scroll of vulnerability
 w - 5 scrolls of immolation
 y - 2 scrolls of poison
 E - a scroll of magic mapping {unknown}
 F - a scroll of fear
 G - a scroll of noise {unknown}
 H - a scroll of blinking
 N - 2 scrolls of silence
 O - 2 scrolls of amnesia
 P - 2 scrolls of summoning
 Y - a scroll of brand weapon {unknown}
Potions
 a - 3 potions of magic
 b - 3 potions of lignification
 j - 2 potions of might
 k - 2 potions of mutation
 p - 2 potions of cancellation {unknown}
 A - 2 potions of haste
 B - 3 potions of curing
 D - 5 potions of flight
 J - a potion of ambrosia {unknown}
 L - 2 potions of heal wounds
 R - 3 potions of resistance {unknown}
 V - 2 potions of berserk rage {unknown}


   Skills:
 + Level 5.5 Fighting
 + Level 1.3(4.5) Short Blades
 + Level 6.9(7.0) Long Blades
 + Level 1.3 Throwing
 + Level 4.2 Dodging
 + Level 5.0 Stealth
 + Level 0.1 Shields
 + Level 13.5 Spellcasting
 + Level 8.2 Conjurations
 + Level 1.1 Summonings
 + Level 1.4 Translocations
 + Level 13.6 Air Magic
 + Level 2.1 Invocations
 + Level 0.3 Evocations


You had 17 spell levels left.
You knew the following spells:

 Your Spells              Type           Power      Damage    Failure   Level
a - Shock                 Conj/Air       100%       1d9       1%          1
b - Static Discharge      Conj/Air       64%        3-11/arc  1%          2
c - Freeze                Ice            64%        1d8       3%          1
d - Airstrike             Air            35%        2d(6-22)  1%          4
e - Blink                 Tloc           48%        N/A       2%          2
f - Swiftness             Air            71%        N/A       1%          3
g - Lightning Bolt        Conj/Air       32%        1d49      1%          5
h - Summon Lightning Spi  Summ/Air       52%        N/A       1%          4

Your spell library contained the following spells:

 Spells                   Type           Power      Damage    Failure   Level
 Summon Small Mammal      Summ           88%        N/A       2%          1
 Call Canine Familiar     Summ           22%        N/A       6%          3
 Hailstorm                Conj/Ice       37%        3d9       6%          4
 Summon Guardian Golem    Hex/Summ       19%        N/A       9%          3
 Frozen Ramparts          Ice            32%        1d5       11%         3
 Inner Flame              Hex/Fire       16%        N/A       11%         3
 Ozocubu's Armour         Ice            16%        N/A       11%         3
 Cause Fear               Hex            8%         N/A       34%         4
 Manifold Assault         Tloc           24%        N/A       45%         5
 Maxwell's Capacitive Co  Air            35%        ∞         63%         8
 Metabolic Englaciation   Hex/Ice        8%         N/A       67%         5
 Storm Form               Tmut/Air       25%        N/A       87%         7
 Simulacrum               Ice/Necr       8%         N/A       99%         6
 Discord                  Hex            8%         N/A       100%        8


Dungeon Overview and Level Annotations

Branches:
Dungeon (13/15)            Temple (1/1) D:5            Lair (3/5) D:11
 Shoals (0/4) Lair:2       Spider (0/4) Lair:2          Orc (0/2) D:10
 Vaults (0/5) D:13

Altars:
Ashenzari
Cheibriados
Dithmenos
Elyvilon
Fedhas
Gozag
Hepliaklqana
Kikubaaqudgha
Makhleb
Nemelex Xobeh
Okawaru
Qazlal
Ru
Sif Muna
Trog
Uskayaw
Vehumet
Wu Jian
Xom
Yredelemnul
Zin
The Shining One

Shops:
D:2 *


Innate Abilities, Weirdness & Mutations

You can breathe waves of freezing cold which knock back foes.
Your icy white scales are hard. (AC +8)
You cannot fit into any form of body armour.
Your flesh is cold resistant. (rC+)
You are cold-blooded and may be slowed by cold attacks.


Message History

* * * LOW HITPOINT WARNING * * *
The nine-headed hydra barely misses you.
The nine-headed hydra closely misses you.
The nine-headed hydra bites you!
* * * LOW HITPOINT WARNING * * *
The nine-headed hydra bites you.
* * * LOW HITPOINT WARNING * * *
The nine-headed hydra bites you. Elyvilon protects you from harm!
The nine-headed hydra bites you! Elyvilon protects you from harm!
You feel much better.
The nine-headed hydra barely misses you. x2
The nine-headed hydra bites you.
* * * LOW HITPOINT WARNING * * *
The nine-headed hydra bites you.
* * * LOW HITPOINT WARNING * * *
The nine-headed hydra bites you but does no damage. x2
The nine-headed hydra bites you!
* * * LOW HITPOINT WARNING * * *
The nine-headed hydra completely misses you.
The nine-headed hydra bites you but does no damage.
Okay, then.
What are your orders? t - Shout!
Orders for allies: a - Attack new target. p - Attack previous target. r - Retreat! s - Stop attacking. g - Guard the area. f - Follow me.
Anything else - Cancel.
Okay, then.
As you read the scroll of teleportation, it crumbles to dust.
You feel strangely unstable. The nine-headed hydra bites you!
* * * LOW HITPOINT WARNING * * *
The nine-headed hydra barely misses you.
The nine-headed hydra bites you but does no damage. x2
The nine-headed hydra bites you.
* * * LOW HITPOINT WARNING * * *
The nine-headed hydra closely misses you.
The nine-headed hydra bites you!
You die...

#..........###..##
##(........##....#
#.###......#...##
##.###.†...P#...#
#..P##......#...#
##...............
#...............#
##DY.....<......#
#@.$...........#
#....<.........#
P...............
##.?.............
#........)......
.........>......
#^..............
#>.............


You could see a death yak and a nine-headed hydra.

Vanquished Creatures
  Gastronok (D:8)
  Josephine (D:10)
  Erolcha (D:11)
  A hydra (D:11)
  2 vault guards (D:13)
  2 boulder beetles
  A two-headed ogre (D:12)
  Erica (D:11)
  7 death yaks
  Amaemon (D:8)
  A deep elf pyromancer (D:13)
  6 ugly things
  A cyclops (D:12)
  3 elephants (Lair:1)
  A manticore (D:12)
  Maurice (D:8)
  2 gargoyles
  A black mamba (Lair:2)
  An orange demon (D:8)
  2 cane toads
  5 komodo dragons
  2 kobold demonologists
  2 trolls
  A polar bear (Lair:2)
  3 meliai (D:13)
  A tarantella (Lair:2)
  16 slime creatures
  7 wraiths
  A vampire (D:7)
  3 shadows
  Grum (D:11)
  34 yaks
  2 basilisks
  9 humans (D:13)
  A steam dragon (D:7)
  An acid dragon (D:12)
  A swamp drake (D:10)
  6 water moccasins
  A sky beast (D:7)
  5 orc warriors
  An ice beast (D:7)
  A black bear (D:5)
  3 wolves (D:11)
  An ogre (D:10)
  7 centaurs
  Blork the orc (D:5)
  9 bullfrogs
  4 kobold brigands
  3 gnoll sergeants
  2 necrophages
  13 wights
  A jelly (D:5)
  6 killer bees (D:8)
  3 howler monkeys (D:8)
  7 hounds
  7 orc priests
  7 iguanas
  10 orc wizards
  10 gnolls
  10 adders
  A shadow imp (D:7)
  4 white imps
  2 worms (D:4)
  5 dart slugs
  47 orcs
  9 endoplasms
  5 giant cockroaches
  8 goblins
  11 hobgoblins
  9 jackals
  2 quokkas
  5 ball pythons
  4 bats
  2 frilled lizards
  31 kobolds
  2 rats
392 creatures vanquished.

Vanquished Creatures (collateral kills)
  A two-headed ogre (D:12)
  A death yak (Lair:3)
  2 cyclopes (D:13)
  2 yaks (Lair:2)
6 creatures vanquished.

Vanquished Creatures (others)
  A human (D:13)
  4 fungi
  15 plants
20 creatures vanquished.

Grand Total: 418 creatures vanquished

Notes
Turn   | Place    | Note
-------+----------+-------------------------------------------
     0 | D:1      | qwertyone the Draconian Air Elementalist began the quest
                  | for the Orb.
     0 | D:1      | Reached XP level 1. HP: 14/14 MP: 3/3
   570 | D:1      | Reached XP level 2. HP: 20/20 MP: 1/5
  1440 | D:2      | Found a faded altar of an unknown god.
  1719 | D:2      | Reached XP level 3. HP: 11/26 MP: 0/6
  2067 | D:2      | Learned a level 2 spell: Static Discharge
  2154 | D:2      | Found Udigis's General Store.
  2331 | D:2      | Bought a scroll of identify for 26 gold pieces
  2399 | D:2      | Reached skill level 1 in Short Blades
  3400 | D:2      | Reached XP level 4. HP: 34/34 MP: 5/7
  4967 | D:4      | Reached XP level 5. HP: 36/39 MP: 2/9
  5465 | D:4      | Found a hide-covered altar of Uskayaw.
  5730 | D:4      | Reached skill level 1 in Long Blades
  5730 | D:4      | Reached XP level 6. HP: 33/46 MP: 1/10
  6406 | D:4      | Found a shadowy altar of Dithmenos.
  6442 | D:4      | Upgraded the game from 0.29.1-13-g9f3cf754e1 to
                  | 0.29.1-15-g9cfb28693d
  6619 | D:5      | Entered Level 5 of the Dungeon
  6864 | D:5      | Your scales start taking on an icy white colour.
  6864 | D:5      | Reached XP level 7. HP: 30/51 MP: 0/13
  6864 | D:5      | Gained mutation: Your flesh is cold resistant. (rC+) [White
                  | Draconian growth]
  7063 | D:5      | Learned a level 1 spell: Freeze
  7068 | D:5      | Learned a level 4 spell: Airstrike
  7071 | D:5      | Learned a level 2 spell: Blink
  7425 | D:5      | Reached skill level 5 in Air Magic
  7703 | D:5      | Found an iron altar of Okawaru.
  7863 | D:5      | Found a snail-covered altar of Cheibriados.
  7900 | D:5      | Found a hazy altar of Hepliaklqana.
  7900 | D:5      | Found an ornate altar of the Wu Jian Council.
  7962 | D:5      | Reached skill level 5 in Spellcasting
  8271 | D:5      | Noticed Blork the orc
  8281 | D:5      | Killed Blork the orc
  8391 | D:5      | Found a shimmering blue altar of Sif Muna.
  8784 | D:5      | Found a staircase to the Ecumenical Temple.
  8794 | Temple   | Entered the Ecumenical Temple
  8998 | Temple   | Became a worshipper of Elyvilon the Healer
  9120 | D:5      | Reached skill level 1 in Fighting
  9120 | D:5      | Reached XP level 8. HP: 56/59 MP: 5/16
  9660 | D:5      | Learned a level 3 spell: Swiftness
  9845 | D:6      | Noticed a boulder beetle
 10441 | D:6      | Found a glowing silver altar of Zin.
 10442 | D:6      | Noticed an angel
 10498 | D:6      | Killed a boulder beetle
 10499 | D:6      | Reached skill level 1 in Translocations
 10822 | D:6      | Noticed a kobold demonologist
 10827 | D:6      | Reached XP level 9. HP: 52/67 MP: 15/19
 10898 | D:6      | Noticed a komodo dragon
 10972 | D:6      | Killed a kobold demonologist
 10973 | D:6      | Reached skill level 5 in Conjurations
 11081 | D:6      | Killed a komodo dragon
 11418 | D:6      | Reached * piety under Elyvilon
 11617 | D:7      | Found a bloodstained altar of Trog.
 12427 | D:7      | Found a sacrificial altar of Ru.
 12941 | D:7      | Found an opulent altar of Gozag.
 12942 | D:7      | Found a sparkling altar of Nemelex Xobeh.
 13033 | D:8      | Reached XP level 10. HP: 53/74 MP: 10/22
 13437 | D:8      | Noticed Gastronok
 13447 | D:8      | Killed Gastronok
 13448 | D:8      | Reached skill level 1 in Throwing
 13522 | D:8      | Reached ** piety under Elyvilon
 13749 | D:8      | Noticed an orange demon
 13750 | D:8      | Noticed Amaemon
 13754 | D:8      | Killed an orange demon
 13758 | D:8      | Killed Amaemon
 14381 | D:8      | Noticed Maurice
 14387 | D:8      | Killed Maurice
 15304 | D:8      | Reached XP level 11. HP: 70/81 MP: 10/24
 16080 | D:9      | Found a stormy altar of Qazlal.
 16335 | D:9      | Reached *** piety under Elyvilon
 17357 | D:9      | Reached skill level 10 in Spellcasting
 17385 | D:9      | Reached skill level 5 in Long Blades
 18212 | D:10     | Entered Level 10 of the Dungeon
 18351 | D:10     | Noticed Josephine
 18357 | D:10     | Killed Josephine
 18358 | D:10     | Reached skill level 1 in Invocations
 18361 | D:10     | Reached skill level 10 in Air Magic
 18650 | D:10     | Learned a level 5 spell: Lightning Bolt
 19807 | D:10     | Found a staircase to the Orcish Mines.
 20545 | D:2      | Bought a potion of magic for 104 gold pieces
 20715 | D:11     | Noticed Grum
 20728 | D:11     | Killed Grum
 20871 | D:11     | Noticed a red ugly thing
 20875 | D:11     | Killed a red ugly thing
 21364 | D:11     | Noticed a death yak
 21366 | D:11     | Noticed a death yak
 21366 | D:11     | Noticed a death yak
 21366 | D:11     | Noticed a death yak
 21373 | D:11     | Noticed a death yak
 21587 | D:11     | Noticed a death yak
 21598 | D:11     | Killed a death yak
 21598 | D:11     | Killed a death yak
 21599 | D:11     | Reached XP level 12. HP: 18/89 MP: 13/27
 21607 | D:11     | Found a staircase to the Lair.
 22080 | D:11     | Noticed Erica
 22097 | D:11     | Killed Erica
 22425 | D:11     | Killed a death yak
 22449 | D:11     | Killed a death yak
 22660 | D:11     | Killed a death yak
 22660 | D:11     | Killed a death yak
 23123 | D:11     | Noticed a five-headed hydra
 23128 | D:11     | Killed a five-headed hydra
 23367 | D:11     | Noticed Erolcha
 23466 | D:11     | Killed Erolcha
 23675 | D:11     | Reached **** piety under Elyvilon
 24069 | D:12     | Noticed a boulder beetle
 24198 | D:12     | Learned a level 4 spell: Summon Lightning Spire
 24235 | D:12     | Noticed a two-headed ogre
 24244 | D:12     | Killed a two-headed ogre
 24295 | D:12     | Noticed a two-headed ogre
 24310 | D:12     | Killed a two-headed ogre
 24413 | D:12     | Killed a boulder beetle
 24730 | D:12     | HP: 3/91 [large slime creature (15)]
 25829 | D:12     | Reached XP level 13. HP: 35/99 MP: 16/29
 26852 | D:13     | Reached skill level 1 in Summonings
 27419 | D:13     | Elyvilon protects you from harm!
 28368 | D:13     | Found a gate to the Vaults.
 28507 | Lair:1   | Entered Level 1 of the Lair of Beasts
 28568 | Lair:1   | Found a gate leading to a gauntlet.
 28739 | Lair:1   | Reached skill level 5 in Fighting
 30224 | Lair:2   | Found a staircase to the Shoals.
 30535 | Lair:2   | Reached skill level 5 in Stealth
 30627 | Lair:2   | Reached ***** piety under Elyvilon
 30768 | Lair:2   | Found a hole to the Spider Nest.
 31179 | Lair:3   | Elyvilon protects you from harm!
 31204 | Lair:3   | HP: 4/101 [nine-headed hydra (7)]
 31204 | Lair:3   | Elyvilon protects you from harm!
 31204 | Lair:3   | Elyvilon protects you from harm!
 31206 | Lair:3   | HP: 1/101 [nine-headed hydra (1)]
 31206 | Lair:3   | Mangled by a nine-headed hydra

Illustrated notes

Levels and vault maps discovered:
D:1:      scummos_arrival_forest, layout_basic
D:2:      layout_basic, serial_shops, shop, dreamdust_ecumenical_altar_statues,
          serial_bayou_ford_a, chequers_serial_rivers_small_3,
          kennysheep_generic_room_16
D:3:      cheibrodos_old_hovel, layout_basic
D:4:      minmay_diamond_boxcup, layout_cave_pools,
          mainiacjoe_overflow_six_doors_small, kennysheep_mini
D:5:      layout_basic, okawaru_gym_becter, tgw_sif,
          chequers_temple_overflow_statue_of_worship, temple_statues
D:6:      layout_basic, zin_angel, minivault_26,
          eino_small_chamber_without_monster, kb_rosetta
D:7:      layout_basic, grunt_temple_overflow_opulence, hangedman_ru_absence,
          bloody_trog
D:8:      layout_loops_ring, minmay_misc_feat_nine_boxes, grunt_ministairs_3,
          uniq_gastronok, uniq_amaemon, uniq_maurice
D:9:      layout_irregular_city, nicolae_qazlal_general_emergency,
          minmay_misc_feat_rugged
D:10:     layout_loops_ring, erik_orc_1, uniq_josephine
D:11:     layout_layer_cave, dpeg_lair_monsters, uniq_erica, uniq_grum,
          uniq_erolcha
D:12:     layout_cave_pools, serial_column_ruins, column_ruins_square_medium,
          column_ruins_corridor_straight, column_ruins_open_small,
          column_ruins_columns_straight
D:13:     layout_irregular_city, ximxim_vaults_locker_room, uniq_urug
Temple:   chequers_temple_sunken
Lair:1:   layout_regular_city, gauntlet_entry_generic, minmay_stone_trees_small,
          grunt_megastairs_3
Lair:2:   layout_cave_pods, shoals_dummy_entry, spider_nest_entry_rubble,
          grunt_forest_stairs_basic, serial_bayou_pond_d, wad_woods_road_04,
          serial_bayou_shore_b
Lair:3:   layout_small_grid, basic_altar, uniq_rupert

Skill      XL: |  1  2  3  4  5  6  7  8  9 10 11 12 13 |
---------------+----------------------------------------+-----
Stealth        | 2 3 4 5 |  5.0
Dodging        | 2 3 4 |  4.2
Short Blades   | 1 |  1.3
Conjurations   | 2 3 4 5 6 7 8 |  8.2
Air Magic      | 4 5 6 7 9 11 12 13 | 13.6
Spellcasting   | 3 4 5 6 8 9 11 12 13 | 13.5
Long Blades    | 1 2 4 5 6 |  6.9
Fighting       | 1 2 3 4 5 |  5.5
Translocations | 1 |  1.4
Throwing       | 1 |  1.3
Invocations    | 1 2 |  2.1
Summonings     | 1 |  1.1
Shields        | |  0.1
Evocations     | |  0.3

Action                   |  1- 3 |  4- 6 |  7- 9 | 10-12 | 13-15 || total
-------------------------+-------+-------+-------+-------+-------++-------
Melee: Short sword       |    46 |       |       |       |       ||    46
       Unarmed           |     1 |       |       |       |       ||     1
       Tailslap          |     2 |       |     9 |    13 |    21 ||    45
       Long sword        |       |    12 |    46 |     7 |       ||    65
       Great sword       |       |       |       |    63 |   102 ||   165
Throw: Dart              |       |       |     4 |     5 |       ||     9
       Javelin           |       |       |       |     2 |     2 ||     4
 Cast: Shock             |    71 |   127 |    83 |   183 |    38 ||   502
       Static Discharge  |     1 |    23 |    31 |    95 |    16 ||   166
       Blink             |       |       |     7 |     7 |     4 ||    18
       Airstrike         |       |       |    35 |   115 |    50 ||   200
       Swiftness         |       |       |     1 |     3 |     1 ||     5
       Lightning Bolt    |       |       |       |     6 |     1 ||     7
       Summon Lightning  |       |       |       |     3 |     7 ||    10
       Freeze            |       |       |       |       |     1 ||     1
Invok: Purification      |       |       |       |     4 |     1 ||     5
       Heal Self         |       |       |       |     8 |     7 ||    15
       Heal Other        |       |       |       |       |     1 ||     1
 Abil: Breathe Frost     |       |       |     4 |    12 |     2 ||    18
Evoke: Wand              |       |       |     1 |     2 |     1 ||     4
  Use: Scroll            |     4 |     3 |     9 |    17 |     7 ||    40
       Potion            |       |       |     4 |     5 |     6 ||    15
Armor: Skin              |    23 |    18 |    48 |    63 |    65 ||   217
Dodge: Dodged            |    42 |    26 |    29 |   132 |   134 ||   363
Block: Buckler           |       |       |     4 |     1 |       ||     5
